 Dungeon Crawl Stone Soup version 0.19-a0-1051-gdb7e7f8 (webtiles) character file.

3889 Gagarin the Covert (level 10, -19/54 HPs)
             Began as a Kobold Fire Elementalist on Aug 1, 2016.
             Was a Follower of Sif Muna.
             Demolished by Gastronok (24 damage)
             ... on level 8 of the Dungeon.
             The game lasted 00:36:40 (9948 turns).

Gagarin the Covert (Kobold Fire Elementalist)       Turns: 9948, Time: 00:36:41

Health: -19/54     AC:  3    Str:  8    XL:     10   Next: 42%
Magic:  19/29      EV: 19    Int: 16    God:    Sif Muna [*.....]
Gold:   360        SH:  0    Dex: 19    Spells: 7 memorised, 5 levels left

rFire  . . .     SeeInvis .     N - +3 short sword (speed)
rCold  . . .     Gourm    .     a - +0 robe
rNeg   . . .     Faith    .     (shield restricted)
rPois  .         Spirit   .     (no helmet)
rElec  .         Dismiss  .     (no cloak)
rCorr  .         Reflect  .     q - +0 pair of gloves
SustAt .         Harm     .     (no boots)
MR     .....                    (no amulet)
Stlth  +++++.....               j - +3 ring of dexterity
                                O - ring of magical power

@: very slightly contaminated, hasted, very quick, not resistant to hostile
enchantments, quite stealthy
A: carnivore 3
a: Divine Energy, Renounce Religion


You were on level 8 of the Dungeon.
You worshipped Sif Muna.
Sif Muna was aware of your devotion.
You were very full.

You visited 2 branches of the dungeon, and saw 9 of its levels.

You collected 510 gold pieces.
You spent 150 gold pieces at shops.

Inventory:

Hand Weapons
 u - a +1 dagger of venom
 C - a +0 shortbow
 N - a +3 short sword of speed (weapon)
Missiles
 h - 105 arrows
 K - 15 bolts
Armour
 a - a +0 robe (worn)
 q - a +0 pair of gloves (worn)
 t - a +0 helmet
 F - a +1 hat
Magical Staves
 y - an uncursed staff of summoning
Jewellery
 j - a +3 ring of dexterity (right hand)
 G - an uncursed ring of protection from cold
 J - an uncursed ring of poison resistance
 O - a ring of magical power (left hand)
Wands
 A - a wand of random effects (48/48)
Scrolls
 e - 5 scrolls of identify
 k - 2 scrolls of fear
 l - 7 scrolls of remove curse
 o - a scroll of noise
 r - 3 scrolls of magic mapping
 H - a scroll of recharging
Potions
 d - a potion of brilliance {unknown}
 f - a potion of curing
 g - 2 potions of haste
 i - a potion of mutation {unknown}
 n - a potion of cure mutation
 s - 2 potions of lignification {unknown}
 v - 2 potions of heal wounds {unknown}
 w - 3 potions of magic {unknown}
 x - 6 potions of flight {unknown}
 z - a potion of degeneration {unknown}
 I - 2 potions of berserk rage {unknown}
Books
 b - a book of Flames

   Spells                             Type                      Level
   a - Flame Tongue                   Conjuration/Fire             1
   b - Throw Flame                    Conjuration/Fire             2
   c - Conjure Flame                  Conjuration/Fire             3
   d - Inner Flame                    Hexes/Fire                   3
   e - Sticky Flame                   Conjuration/Fire             4
   f - Fireball                       Conjuration/Fire             5
 E - a book of Death

   Spells                             Type                      Level
   a - Corpse Rot                     Necromancy                   2
   b - Sublimation of Blood           Necromancy                   2
   c - Agony                          Necromancy                   5
   d - Dispel Undead                  Necromancy                   5
   e - Excruciating Wounds            Charms/Necromancy            5
   f - Bolt of Draining               Conjuration/Necromancy       5
 L - a Fen Folio

   Spells                             Type                      Level
   a - Corpse Rot                     Necromancy                   2
   b - Stone Arrow                    Conjuration/Earth            3
   c - Leda's Liquefaction            Hexes/Earth                  4
   d - Summon Forest                  Summoning/Translocation      5
   e - Hydra Form                     Transmutation                6
   f - Summon Hydra                   Summoning                    7
Comestibles
 c - a meat ration
 B - 2 royal jellies
 D - 5 chunks of flesh


   Skills:
 + Level 2.3 Fighting
 + Level 3.1 Short Blades
 + Level 6.0 Dodging
 + Level 8.8 Stealth
 + Level 0.2 Unarmed Combat
 + Level 7.0 Spellcasting
 + Level 5.3 Conjurations
 + Level 7.6 Fire Magic


You had 5 spell levels left.
You knew the following spells:

 Your Spells              Type           Power        Failure   Level  Hunger
a - Flame Tongue          Conj/Fire      ####.        1%          1    None
b - Throw Flame           Conj/Fire      ####..       1%          2    None
c - Conjure Flame         Conj/Fire      ####....     2%          3    ##.....
d - Inner Flame           Hex/Fire       ###.....     10%         3    ##.....
e - Sticky Flame          Conj/Fire      ####....     12%         4    ####...
f - Corpse Rot            Necr           N/A          21%         2    None
g - Stone Arrow           Conj/Erth      ##....       14%         3    ##.....


Dungeon Overview and Level Annotations

Branches:
Dungeon (8/15)             Temple (1/1) D:6            Lair (0/6) D:8

Altars:
Ashenzari
Cheibriados
Dithmenos
Elyvilon
Hepliaklqana
Kikubaaqudgha
Makhleb
Pakellas
Qazlal
Ru
Sif Muna
Trog
Uskayaw
Vehumet
Yredelemnul
Zin
The Shining One

Shops:
D:4 *

Annotations:
D:8 Gastronok, Pikel


Innate Abilities, Weirdness & Mutations

You are small and have problems with some larger weapons.
You are carnivorous and can eat meat at any time.


Message History

As you read the scroll labeled LOUXOZ LOASASA, it crumbles to dust.
It is a scroll of recharging.
Charge which item? (? for menu, Esc to quit)
Your wand of random effects glows for a moment.
As you read the scroll labeled TUUPOJ EFIACWEAB, it crumbles to dust.
It is a scroll of enchant weapon.
Your +2 short sword of speed glows red for a moment.
As you read the scroll labeled GYDUHAIPHEKK, it crumbles to dust.
It is a scroll of enchant armour.
Your hat glows green for a moment.
Gastronok the Ponderous comes into view.
Wear which item? (? for menu, Esc to quit)
Keep disrobing? [Y]es or [N]o only, please.
Keep disrobing?
You start removing your armour.
You continue taking off your +0 helmet. x4
You finish taking off your +0 helmet.
Okay, then.
You feel yourself speed up. Gastronok bites you!!
You die...

#.# #.<# #.# #..#
##.###..#
#.......######
#..###.......#
#...##..####.#*
####.........,,,,,
#.ยง[.......###*,**
#@##.###...# *,*
######w##.#*#...# *,*
#.....p##.p.....# *,*
#.####..##.pp#.##***,*
#............,,,,,,,,*
#...#...#..###,*****,*
#..###.###.# *,* *,**
#...#...#..##*,* *,,,
#....._.....#*,*****,,,


You could see Gastronok and a slave.

Vanquished Creatures
  The ghost of flowsnake the Ducker, a novice DrSk of Okawaru (D:6)
  The ghost of mistymad the Ruffian, an amateur TrMo (D:4)
  Sigmund (D:6)
  A wyvern (D:8)
  4 yaks (D:6)
  A hungry ghost (D:4)
  A black bear (D:5)
  A slave (D:8)
  3 ice beasts
  A phantom (D:4)
  A sky beast (D:5)
  3 ogres
  2 centaurs (D:5)
  Blork the orc (D:6)
  A giant frog (D:7)
  3 crimson imps
  A howler monkey (D:7)
  A giant frog zombie (D:5)
  A centaur skeleton (D:5)
  2 jellies
  6 hounds
  2 orc priests
  A gnoll shaman (D:4)
  2 orc wizards (D:3)
  Jessica (D:3)
  An iguana (D:6)
  Ijyb (D:3)
  6 worker ants
  2 hound skeletons
  A howler monkey zombie (D:5)
  A worker ant zombie (D:5)
  Robin (D:3)
  4 gnolls
  2 howler monkey skeletons (D:4)
  7 adders
  A shadow imp (D:6)
  3 oozes
  2 worms
  2 dart slugs (D:1)
  5 giant geckos
  13 orcs
  3 giant cockroaches
  11 goblins
  9 hobgoblins
  14 jackals
  4 kobolds
  2 quokkas
  A ball python (D:4)
  6 bats
  2 giant gecko skeletons
  6 giant newts
  2 quokka skeletons (D:6)
  3 rats
158 creatures vanquished.

Notes
Turn   | Place    | Note
-------+----------+-------------------------------------------
     0 | D:1      | Gagarin the Kobold Fire Elementalist began the quest for the Orb.
     0 | D:1      | Reached XP level 1. HP: 10/10 MP: 3/3
   286 | D:1      | Reached XP level 2. HP: 15/15 MP: 0/5
   408 | D:1      | Reached skill level 1 in Conjurations
   802 | D:1      | Reached XP level 3. HP: 18/19 MP: 0/6
  1162 | D:1      | Learned a level 2 spell: Throw Flame
  1609 | D:2      | Reached XP level 4. HP: 24/24 MP: 1/7
  1670 | D:2      | Learned a level 3 spell: Conjure Flame
  2210 | D:3      | Found a burning altar of Makhleb.
  2225 | D:3      | Reached skill level 3 in Stealth
  2322 | D:3      | Noticed Jessica
  2331 | D:3      | Killed Jessica
  2331 | D:3      | Reached XP level 5. HP: 28/28 MP: 4/9
  2572 | D:3      | Noticed Robin
  2581 | D:3      | Killed Robin
  2844 | D:3      | Noticed Ijyb
  2861 | D:3      | Killed Ijyb
  3182 | D:3      | Reached skill level 4 in Stealth
  3182 | D:3      | Reached XP level 6. HP: 23/33 MP: 2/11
  3760 | D:4      | Noticed an ogre
  3789 | D:3      | Killed an ogre
  3906 | D:4      | Noticed a phantom
  3970 | D:4      | Reached XP level 7. HP: 30/37 MP: 8/12
  4176 | D:4      | Found Gutis's Assorted Antiques.
  4377 | D:4      | Bought a dented ruby amulet for 150 gold pieces
  4435 | D:4      | Reached skill level 1 in Short Blades
  4569 | D:4      | Reached skill level 5 in Fire Magic
  4984 | D:4      | Reached skill level 1 in Fighting
  4985 | D:4      | Noticed mistymad's ghost (amateur TrMo)
  4987 | D:4      | Noticed a hungry ghost
  5002 | D:4      | Killed mistymad's ghost
  5002 | D:4      | Reached XP level 8. HP: 21/43 MP: 1/14
  5174 | D:4      | Learned a level 3 spell: Inner Flame
  5368 | D:4      | Found a glowing golden altar of the Shining One.
  5771 | D:5      | Entered Level 5 of the Dungeon
  6085 | D:5      | Learned a level 4 spell: Sticky Flame
  6228 | D:5      | Reached skill level 5 in Stealth
  6228 | D:5      | Reached skill level 5 in Spellcasting
  6541 | D:5      | Reached XP level 9. HP: 44/48 MP: 16/16
  6664 | D:5      | Found an ancient bone altar of Kikubaaqudgha.
  6846 | D:6      | Noticed flowsnake's ghost (novice DrSk)
  7102 | D:5      | Reached skill level 5 in Dodging
  7102 | D:5      | Reached skill level 6 in Stealth
  7231 | D:6      | Found a staircase to the Ecumenical Temple.
  7237 | Temple   | Entered the Ecumenical Temple
  7266 | Temple   | Became a worshipper of Sif Muna the Loreminder
  7458 | D:6      | Noticed Blork the orc
  7468 | D:6      | Killed Blork the orc
  7695 | D:6      | Learned a level 2 spell: Corpse Rot
  7851 | D:6      | Noticed Sigmund
  8024 | D:6      | Killed Sigmund
  8248 | D:6      | Reached skill level 7 in Stealth
  8594 | D:6      | Killed flowsnake's ghost
  8594 | D:6      | Reached * piety under Sif Muna
  8594 | D:6      | Reached skill level 8 in Stealth
  8594 | D:6      | Reached skill level 5 in Conjurations
  8594 | D:6      | Reached XP level 10. HP: 33/53 MP: 4/19
  9272 | D:7      | Learned a level 3 spell: Stone Arrow
  9277 | D:7      | Found a stormy altar of Qazlal.
  9783 | D:8      | Found a radiant altar of Vehumet.
  9927 | D:8      | Noticed Pikel
  9936 | D:8      | HP: 2/54 [Pikel/wand of lightning (22)]
  9943 | D:8      | Noticed Gastronok
  9948 | D:8      | Demolished by Gastronok

Vault maps used:
D:1:      matt_arrival_refuge
D:2:      first_bread
D:3:      nicolae_overflow_crystal_walls, uniq_iyjb, uniq_robin, uniq_jessica
D:4:      tso_altar, serial_shops, nicolae_shop_crystal
D:5:      black_bear_nest_2, kiku_gazebo_pond_becter,
          hangedman_abyss_or_decor_stabs
D:6:      uniq_sigmund, uniq_blork_the_orc
D:7:      lemuel_crystal_altar
D:8:      hangedman_cross_stitches, nicolae_overflow_hidden_temple,
          vehumet_crystals, lair_0_dummy, serial_shops, nicolae_shop_stone,
          shop, uniq_pikel, uniq_gastronok
Temple:   minmay_temple_bridge_abc

Skill      XL: |  1  2  3  4  5  6  7  8  9 10 |
---------------+-------------------------------+-----
Conjurations   | 1 2 3 5 |  5.3
Fire Magic     | 4 5 6 7 |  7.6
Stealth        | 3 4 5 8 |  8.8
Spellcasting   | 3 4 5 6 7 |  7.0
Dodging        | 3 4 5 6 |  6.0
Short Blades   | 1 2 3 |  3.1
Fighting       | 1 2 |  2.3
Unarmed Combat | |  0.2

Action                   |  1- 3 |  4- 6 |  7- 9 | 10-12 || total
-------------------------+-------+-------+-------+-------++-------
Melee: Unarmed           |    15 |       |       |       ||    15
       Short sword       |     9 |    46 |    13 |    12 ||    80
       Dagger            |       |       |   108 |    41 ||   149
 Cast: Flame Tongue      |    40 |    76 |   108 |    29 ||   253
       Throw Flame       |     3 |     5 |    19 |     9 ||    36
       Conjure Flame     |       |     1 |    12 |     4 ||    17
       Sticky Flame      |       |       |     8 |     1 ||     9
       Corpse Rot        |       |       |       |     1 ||     1
  Use: Scroll            |       |       |     3 |     7 ||    10
       Potion            |       |       |     2 |     1 ||     3
 Stab: Sleeping          |     3 |     4 |    14 |    10 ||    31
       Distracted        |       |       |     3 |       ||     3
  Eat: Chunk             |    11 |     9 |    21 |     5 ||    46
Armor: Robe              |    15 |    10 |    19 |     6 ||    50
Dodge: Dodged            |    41 |    53 |    96 |    34 ||   224
